 Dungeon Crawl Stone Soup version 0.27.0-1-g7a089689b8 (webtiles) character file.

Game seed: 1896346648917964797

35 pascalblue the Digger (level 3, 0/19 HPs)
             Began as a Deep Elf Earth Elementalist on Aug 3, 2021.
             Slain by an orc (2 damage)
             ... on level 2 of the Dungeon.
             The game lasted 00:03:49 (1650 turns).

pascalblue the Digger (Deep Elf Earth Elementalist) Turns: 1650, Time: 00:03:50

Health: 0/19       AC:  3    Str:  5    XL:     3   Next: 17%
Magic:  7/10       EV: 12    Int: 20    God:
Gold:   91         SH:  0    Dex: 15    Spells: 8/9 levels left

rFire    . . .     SeeInvis .   d - +0 short sword
rCold    . . .     Faith    .   (no shield)
rNeg     . . .     Spirit   .   b - +0 robe
rPois    .         Reflect  .   g - +0 helmet
rElec    .         Harm     .   (no cloak)
rCorr    .         Rampage  .   (no gloves)
Will     .....                  (no boots)
Stlth    ++........             (no amulet)
HPRegen  0.06/turn              (no ring)
MPRegen  0.12/turn              (no ring)

@: no status effects
A: no striking features
a: no special abilities


You were on level 2 of the Dungeon.
You visited 1 branch of the dungeon, and saw 2 of its levels.

You collected 91 gold pieces.

Inventory:

Hand Weapons
 a - a +0 whip
 d - a +0 short sword (weapon)
Missiles
 c - 96 stones
Armour
 b - a +0 robe (worn)
 g - a +0 helmet (worn)
Scrolls
 e - a scroll of amnesia {unknown}
Potions
 f - a potion of invisibility {unknown}
 h - a potion of attraction {unknown}


   Skills:
 - Level 2.4 Dodging
 - Level 2.4 Stealth
 + Level 3.7 Spellcasting
 - Level 1.1 Transmutations
 * Level 4.4 Earth Magic


You had 8 spell levels left.
You knew the following spells:

 Your Spells              Type           Power      Damage    Failure   Level
a - Sandblast             Erth           42%        2d11      2%          1

Your spell library contained the following spells:

 Spells                   Type           Power      Damage    Failure   Level
 Passwall                 Tmut/Erth      11%        N/A       6%          2
 Stone Arrow              Conj/Erth      24%        3d8       16%         3
 Petrify                  Tmut/Erth      14%        N/A       38%         4


Dungeon Overview and Level Annotations

Branches:
Dungeon (2/15)

Altars:


Message History

Found 12 gold pieces.
There is a stone staircase leading up here.
Found a ring mail.
You now have 91 gold pieces (gained 12).
An orc comes into view. It is wielding a +0 hand axe.
The orc shouts!
An orc is nearby!
An orc comes into view. It is wielding a +0 flail.
An orc comes into view. It is wielding a +0 flail.
An orc priest comes into view. It is wielding a +0 dagger.
You barely miss the orc.
The orc shouts!
The orc hits you with a +0 hand axe.
The orc priest shouts!
The orc priest calls down the wrath of Beogh upon you.
Beogh smites you!
Ouch! That really hurt!
* * * LOW HITPOINT WARNING * * *
Casting: Sandblast (safe; 2% risk of failure)
Confirm with . or Enter, or press ? or * to list all spells.
Aiming: Sandblast (safe; 2% risk of failure)
Press: ? - help, Shift-Dir - straight line, f - orc
Aim: an orc, wielding a +0 hand axe and wearing a +0 chain mail (86% to hit)
The blast of sand hits the orc but does no damage.
Casting: Sandblast (safe; 2% risk of failure)
Confirm with . or Enter, or press ? or * to list all spells.
Aiming: Sandblast (safe; 2% risk of failure)
Press: ? - help, Shift-Dir - straight line, f/p - orc
Aim: an orc, wielding a +0 hand axe and wearing a +0 chain mail (86% to hit)
The blast of sand hits the orc but does no damage.
The orc hits you but does no damage.
Casting: Sandblast (safe; 2% risk of failure)
Confirm with . or Enter, or press ? or * to list all spells.
Aiming: Sandblast (safe; 2% risk of failure)
Press: ? - help, Shift-Dir - straight line, f/p - orc
Aim: an orc, wielding a +0 hand axe and wearing a +0 chain mail (86% to hit)
The blast of sand hits the orc.
The orc is heavily wounded.
The orc hits you with a +0 hand axe.
You die...

#........[.#
#........##
#........<#
#.........#
#.........#
#.........#
###########
##.######.#
.........o####..#
#.#
.......o.o.o@.#.#
#.#
..........###.#.#
#.. ###########
#.#.# ## #.#.#
#.#.# #.#.# #.#.#
..#


You could see an orc priest and 3 orcs.

Vanquished Creatures
  3 ball pythons (D:1)
  6 bats (D:1)
  5 endoplasms (D:1)
  3 goblins (D:1)
  2 hobgoblins (D:1)
  3 jackals (D:1)
  6 kobolds (D:1)
  A frilled lizard (D:1)
  4 rats (D:1)
33 creatures vanquished.

Notes
Turn   | Place    | Note
-------+----------+-------------------------------------------
     0 | D:1      | pascalblue the Deep Elf Earth Elementalist began the quest
                  | for the Orb.
     0 | D:1      | Reached XP level 1. HP: 10/10 MP: 6/6
   547 | D:1      | Reached XP level 2. HP: 15/15 MP: 8/8
   696 | D:1      | Reached skill level 4 in Earth Magic
  1239 | D:1      | Reached XP level 3. HP: 8/19 MP: 7/10
  1650 | D:2      | Slain by an orc

Illustrated notes

Levels and vault maps discovered:
D:1:      dpeg_arrival_connections, layout_basic
D:2:      layout_basic, serial_co_window_serial, co_window_paths_a,
          co_window_of_opportunity_a, co_window_paths_a, co_window_paths_a,
          co_window_cross_1, co_window_broadway_a, co_window_2corner,
          co_window_2corner, co_window_4corner_b, co_window_sun,
          glass_columns_c, serial_shops, nicolae_shop_behind_doors

Skill      XL: |  1  2 |
---------------+-------+-----
Earth Magic    | 4 |  4.4
Dodging        | |  2.4
Stealth        | |  2.4
Spellcasting   | |  3.7
Transmutations | |  1.1

Action                   || total
-------------------------++-------
Melee: Whip              ||     5
       Unarmed           ||     1
       Short sword       ||    71
 Cast: Sandblast         ||    17
 Stab: Sleeping          ||     4
Armor: Robe              ||    29
Dodge: Dodged            ||    68
